 Dungeon Crawl Stone Soup version 0.26-a0-1107-g6118521029 (webtiles) character file.

Game seed: 4546127019050697000

687423 robertstho the Scholar (level 27, -5/199 HPs)
             Began as a Gnoll Ice Elementalist on Dec 15, 2020.
             Was an Elder of Sif Muna.
             Slain by a death cob (28 damage)
             ... on level 5 of the Realm of Zot on Dec 16, 2020.
             The game lasted 04:53:28 (109057 turns).

robertstho the Scholar (Gnoll Ice Elementalist)   Turns: 109057, Time: 04:53:28

Health: -5/199     AC: 21    Str: 14    XL:     27
Magic:  30/55      EV: 31    Int: 41    God:    Sif Muna [****..]
Gold:   4944       SH:  5    Dex: 23    Spells: 18/65 levels left

rFire    + . .     SeeInvis +   Q - +18 lance "Wyrmbane" {slay drac, rPois rF+ rC+ AC+3}
rCold    + . .     Faith    .   (no shield)
rNeg     + . .     Spirit   .   f - +3 robe of Clouds {+Thunder rCloud rElec}
rPois    +         Reflect  +   s - +0 helmet of the Elephant {*Corrode Str+3 Dex+8}
rElec    +         Harm     .   T - scarf {repulsion}
rCorr    .         Rampage  .   l - +3 pair of gloves of Veov {Int+7}
Will     ++...     Clarity  +   w - +2 pair of boots
Stlth    ++++++++..             h - amulet of reflection
HPRegen  0.43/turn              W - ring "Yleenowo" {rN+ Int+7 SInv}
MPRegen  0.34/turn              m - ring of magical power

@: about to teleport, slowed, repel missiles, very slow
A: distributed training, fangs 1, yellow scales 1, clarity, clumsy 1, deformed
body, frail 1, poison resistance, screaming 1, weak 1, no potion heal 1, strong
nose
}: 3/15 runes: serpentine, barnacled, silver
a: Channel Magic, Forget Spell, Divine Exegesis, Renounce Religion, Evoke
Thunderclouds


You were on level 5 of the Realm of Zot.
You worshipped Sif Muna.
Sif Muna was greatly pleased with you.
You visited 11 branches of the dungeon, and saw 53 of its levels.
You visited 2 bazaars.
You also visited: Bailey, Ice Cave and Wizlab.

You collected 9990 gold pieces.
You spent 5046 gold pieces at shops.

Inventory:

Hand Weapons
 i - the +12 double sword "Dragonbane" {holy, rC++}
   (You acquired it on level 15 of the Dungeon)

   It has been blessed by the Shining One to cause great damage to the undead
   and demons.
   It greatly protects you from cold.
 v - the +8 trident of the Octopus King {venom, rElec rPois Will+}
   (You found it on level 3 of the Depths)

   It poisons the flesh of those it strikes.
   It insulates you from electricity.
   It protects you from poison.
   It affects your willpower, your defense against some magical effects.
 y - the +9 broad axe of Resumed Hostilities {vorpal, rN+}
   (You found it in a wizard's laboratory)

   It inflicts extra damage upon your enemies.
   It protects you from negative energy.
 G - the +6 arbalest "Puocweth" {penet, rN+}
   (You found it on level 3 of the Elven Halls)

   Ammo fired by it passes through the targets it hits, potentially hitting all
   targets in its path until it reaches maximum range.
   It protects you from negative energy.
 Q - the +18 lance "Wyrmbane" (weapon) {slay drac, rPois rF+ rC+ AC+3}
   (You bought it in a shop in a bazaar)

   It affects your AC (+3).
   It protects you from fire.
   It protects you from cold.
   It protects you from poison.
Missiles
 C - 879 bolts
Armour
 f - the +3 robe of Clouds (worn) {+Thunder rCloud rElec}
   (You took it off a Cloud Mage in a wizard's laboratory)

   It insulates you from electricity.
 l - the +3 pair of gloves of Veov (worn) {Int+7}
   (You found it on level 5 of the Vaults)

   It affects your intelligence (+7).
 s - the +0 helmet of the Elephant (worn) {*Corrode Str+3 Dex+8}
   (You bought it in a shop on level 2 of the Orcish Mines)

   It affects your strength (+3).
   It affects your dexterity (+8).
   It may corrode you when you take damage.
 w - a +2 pair of boots (worn)
 T - a scarf of repulsion (worn)
Jewellery
 c - the ring "Woemeus" {+Fly Stlth+}
   (You took it off a spriggan air mage in a wizard's laboratory)

   [ring of flight]

   It lets you fly.
   It makes you more stealthy.
 h - an amulet of reflection (around neck)
 m - a ring of magical power (right hand)
 o - an uncursed ring of wizardry
 r - the ring of Charity {rPois rF+ Str-5 Dex+3 Slay+4}
   (You acquired it on level 3 of the Vaults)

   [ring of slaying]

   It affects your strength (-5).
   It affects your dexterity (+3).
   It affects your accuracy and damage with ranged weapons and melee attacks
   (+4).
   It protects you from fire.
   It protects you from poison.
 u - a +4 ring of protection
 H - the ring "Macuesmuc" {rElec rC+ Str+2 Slay+3 Stlth+}
   (You found it on level 2 of the Depths)

   [ring of protection from cold]

   It affects your strength (+2).
   It affects your accuracy and damage with ranged weapons and melee attacks
   (+3).
   It protects you from cold.
   It insulates you from electricity.
   It makes you more stealthy.
 I - the ring of the Original Sin {rElec rF+ Str+6}
   (You took it off a deep elf sorcerer on level 3 of the Elven Halls)

   [ring of protection from fire]

   It affects your strength (+6).
   It protects you from fire.
   It insulates you from electricity.
 P - the ring of Shadows {Umbra +Inv Stlth+}
   (You found it on level 5 of the Vaults)

   [ring of stealth]

   It lets you turn invisible.
   It makes you more stealthy.
 W - the ring "Yleenowo" (left hand) {rN+ Int+7 SInv}
   (You took it off a deep elf demonologist on level 5 of the Vaults)

   [ring of see invisible]

   It affects your intelligence (+7).
   It protects you from negative energy.
   It lets you see invisible.
 Y - a +4 ring of protection
Wands
 q - a wand of iceblast (112)
 D - a wand of disintegration (33)
 F - a wand of digging (14)
 O - a wand of acid (11)
Scrolls
 a - 3 scrolls of blinking
 d - a scroll of silence
 n - 13 scrolls of fear
 p - 8 scrolls of teleportation
 z - 3 scrolls of magic mapping
 A - 7 scrolls of enchant armour
 B - 28 scrolls of remove curse
 M - 3 scrolls of holy word
 N - 17 scrolls of enchant weapon
 R - 11 scrolls of identify
 U - 4 scrolls of summoning
 Z - 8 scrolls of fog
Potions
 b - 7 potions of resistance
 e - 4 potions of cancellation
 g - 10 potions of mutation
 j - 9 potions of haste
 k - 6 potions of berserk rage
 t - 5 potions of invisibility
 x - 11 potions of brilliance
 E - 9 potions of heal wounds
 J - 13 potions of might
 L - 3 potions of magic
 S - 7 potions of flight
 V - 2 potions of ambrosia
 X - 21 potions of curing
Miscellaneous
 K - a lightning rod (4/4)


   Skills:
 + Level 19.2 Fighting
 + Level 19.2 Short Blades
 + Level 19.2 Long Blades
 + Level 19.2 Axes
 + Level 19.2 Maces & Flails
 + Level 19.2 Polearms
 + Level 19.2 Staves
 + Level 19.2 Slings
 + Level 19.2 Bows
 + Level 19.2 Crossbows
 + Level 19.2 Throwing
 + Level 19.2 Armour
 + Level 19.5 Dodging
 + Level 19.5 Stealth
 + Level 19.2 Shields
 + Level 19.2 Unarmed Combat
 + Level 19.6 Spellcasting
 + Level 16.6 Conjurations
 + Level 16.6 Hexes
 + Level 16.6 Summonings
 + Level 16.6 Necromancy
 + Level 16.6 Translocations
 + Level 16.6 Transmutations
 + Level 16.6 Fire Magic
 + Level 17.6 Ice Magic
 + Level 16.6 Air Magic
 + Level 16.6 Earth Magic
 + Level 16.6 Poison Magic
 + Level 20.6 Invocations
 + Level 19.2 Evocations


You had 18 spell levels left.
You knew the following spells:

 Your Spells              Type           Power        Failure   Level
a - Starburst             Conj/Fire      ########..   1%          6
e - Summon Ice Beast      Ice/Summ       ########     0%          4
f - Ozocubu's Refrigerat  Ice            ########..   1%          6
h - Fireball              Conj/Fire      ########..   1%          5
i - Iron Shot             Conj/Erth      ########..   1%          6
j - Apportation           Tloc           ######       0%          1
k - Sublimation of Blood  Necr           ########..   0%          2
l - Summon Lightning Spi  Summ/Air       ########     0%          4
m - Swiftness             Air            ########     0%          2
n - Dispel Undead         Necr           ########     0%          4
o - Spellforged Servitor  Conj/Summ      ########..   1%          7

Your spell library contained the following spells:

 Spells                   Type           Power        Failure   Level
 Animate Skeleton         Necr           ######       0%          1
 Beastly Appendage        Tmut           ######       0%          1
 Corona                   Hex            #######      0%          1
 Foxfire                  Conj/Fire      ####         0%          1
 Freeze                   Ice            ####         0%          1
 Magic Dart               Conj           ####         0%          1
 Pain                     Necr           ####         0%          1
 Shock                    Conj/Air       ####         0%          1
 Sting                    Tmut/Pois      ####         0%          1
 Summon Small Mammal      Summ           ####         0%          1
 Blink                    Tloc           N/A          0%          2
 Call Imp                 Summ           ########     0%          2
 Corpse Rot               Necr/Air       N/A          0%          2
 Ensorcelled Hibernation  Hex/Ice        ######       0%          2
 Passwall                 Tmut/Erth      ########     0%          2
 Poisonous Vapours        Pois/Air       ######       0%          2
 Searing Ray              Conj           ######       0%          2
 Slow                     Hex            ########     0%          2
 Wereblood                Tmut           ########     0%          2
 Call Canine Familiar     Summ           ########     0%          3
 Confusing Touch          Hex            ########     0%          3
 Conjure Flame            Conj/Fire      ########     0%          3
 Dazzling Flash           Conj/Hex       ######       0%          3
 Frozen Ramparts          Ice            ######       0%          3
 Gell's Gravitas          Tloc           ########..   0%          3
 Ignite Poison            Fire/Tmut/Pois ########     0%          3
 Inner Flame              Hex/Fire       ########     0%          3
 Lesser Beckoning         Tloc           ########..   0%          3
 Mephitic Cloud           Conj/Pois/Air  ########     0%          3
 Ozocubu's Armour         Ice            ########     0%          3
 Portal Projectile        Hex/Tloc       ######       0%          3
 Spider Form              Tmut/Pois      ########..   0%          3
 Static Discharge         Conj/Air       ########     0%          3
 Stone Arrow              Conj/Erth      ######       0%          3
 Summon Guardian Golem    Hex/Summ       ########     0%          3
 Tukima's Dance           Hex            ########     0%          3
 Vampiric Draining        Necr           ########..   0%          3
 Airstrike                Air            ########..   0%          4
 Animate Dead             Necr           ########..   0%          4
 Cause Fear               Hex            ########..   0%          4
 Fulminant Prism          Conj/Hex       ########..   0%          4
 Hailstorm                Conj/Ice       ########     0%          4
 Ice Form                 Ice/Tmut       ########     0%          4
 Iskenderun's Mystic Bla  Conj/Tloc      ########     0%          4
 Leda's Liquefaction      Hex/Erth       ########..   0%          4
 Olgreb's Toxic Radiance  Pois           ########     0%          4
 Passage of Golubria      Tloc           N/A          0%          4
 Petrify                  Tmut/Erth      ########     0%          4
 Sticky Flame             Conj/Fire      ########     0%          4
 Metabolic Englaciation   Hex/Ice        ########..   0%          5
 Agony                    Necr           ########     1%          5
 Alistair's Intoxication  Tmut/Pois      ########.    1%          5
 Bolt of Magma            Conj/Fire/Erth ########..   1%          5
 Borgnjor's Vile Clutch   Necr/Erth      ########..   1%          5
 Excruciating Wounds      Necr           ########..   1%          5
 Irradiate                Conj/Tmut      ########..   1%          5
 Iskenderun's Battlesphe  Conj           ########     1%          5
 Lee's Rapid Deconstruct  Erth           ########..   1%          5
 Lightning Bolt           Conj/Air       ########..   1%          5
 Silence                  Hex/Air        ########..   1%          5
 Summon Demon             Summ           ########..   1%          5
 Summon Forest            Summ/Tloc      ########..   1%          5
 Summon Mana Viper        Hex/Summ       ########     1%          5
 Yara's Violent Unravell  Hex/Tmut       ########..   1%          5
 Conjure Ball Lightning   Conj/Air       ########..   1%          6
 Death Channel            Necr           ########..   1%          6
 Dispersal                Tloc           ########..   1%          6
 Eringya's Noxious Bog    Tmut/Pois      ########..   1%          6
 Freezing Cloud           Conj/Ice/Air   ########..   1%          6
 Hydra Form               Tmut           ########..   1%          6
 Invisibility             Hex            ########     1%          6
 Shadow Creatures         Summ           N/A          1%          6
 Simulacrum               Ice/Necr       ########..   1%          6
 Statue Form              Tmut/Erth      ########.    1%          6
 Dragon Form              Tmut           ########..   1%          7
 Haunt                    Necr/Summ      ########..   1%          7
 Malign Gateway           Summ/Tloc      ########..   1%          7
 Monstrous Menagerie      Summ           ########..   1%          7
 Orb of Destruction       Conj           ########..   1%          7
 Summon Greater Demon     Summ           ########..   1%          7
 Summon Hydra             Summ           ########..   1%          7
 Borgnjor's Revivificati  Necr           ########..   4%          8
 Discord                  Hex            ########..   4%          8
 Disjunction              Tloc           ########..   4%          8
 Ignition                 Fire           ########..   4%          8
 Infestation              Necr           ########..   4%          8
 Lehudib's Crystal Spear  Conj/Erth      ########..   4%          8
 Necromutation            Tmut/Necr      ########..   4%          8
 Summon Horrible Things   Summ           ########..   4%          8
 Absolute Zero            Ice            ########..   41%         9
 Death's Door             Necr           ########..   56%         9
 Dragon's Call            Summ           ########..   56%         9
 Fire Storm               Conj/Fire      ########..   56%         9
 Shatter                  Erth           ########..   56%         9
 Tornado                  Air            ########..   56%         9


Dungeon Overview and Level Annotations

Branches:
Dungeon (15/15)            Temple (1/1) D:4            Lair (6/6) D:11
 Shoals (4/4) Lair:2        Snake (4/4) Lair:2        Slime (0/5) Lair:6
    Orc (2/2) D:11            Elf (3/3) Orc:2        Vaults (5/5) D:13
  Crypt (3/3) Vaults:3       Tomb (0/3) Crypt:3      Depths (5/5) D:15
    Zot (5/5) Depths:5     Bailey (visited)           IceCv (visited)
 WizLab (visited)

Altars:
Ashenzari
Cheibriados
Dithmenos
Elyvilon
Fedhas
Gozag
Hepliaklqana
Kikubaaqudgha
Makhleb
Nemelex Xobeh
Okawaru
Qazlal
Ru
Sif Muna
Trog
Uskayaw
Vehumet
Wu Jian
Xom
Yredelemnul
Zin
The Shining One
Jiyva

Shops:
D:13 [!   D:15 :(   Orc:2 *:([   Shoals:1 :   Snake:2 [*   Vaults:2 [
Vaults:3 *=   Vaults:4 !   Depths:4 }   Depths:5 :

Portals:
Hell: Depths:2 Depths:3 Depths:4 Depths:5
Abyss: Depths:2 Depths:4
Pandemonium: Depths:1 Depths:3
Ziggurat: Depths:3
Trove: Depths:2 (give 7 scrolls of blinking)

Annotations:
Depths:3 exclusion: ice statue
Zot:3 35 runed doors


Innate Abilities, Weirdness & Mutations

Your experience applies equally to all skills.
You have very sharp teeth.
Your uncanny sense of smell can sniff out nearby items.
You are partially covered in yellow scales. (AC +2)
You possess an exceptional clarity of mind.
You are clumsy. (Dex -2)
Armour fits poorly on your strangely shaped body.
You are frail. (-10% HP)
Your system is resistant to poisons. (rPois)
You occasionally shout uncontrollably at your foes.
You are weak. (Str -2)
Potions are less effective at restoring your health.


Message History

The ancient lich casts a spell at you.
The iron shot hits your black draconian monk!!
Your black draconian monk dies!
Your black draconian monk's corpse dissolves into shadows!
The orb of fire glows deep purple.
The bolt of fire hits your red draconian!!
Your red draconian resists.
The bolt of fire hits your spellforged servitor.
Your spellforged servitor resists.
The bolt of fire hits you! You resist.
* * * LOW HITPOINT WARNING * * *
Your red draconian hits the orb of fire with a +0 war axe.
Your red draconian hits the death cob but does no damage.
Your tentacled monstrosity barely misses the orb of fire.
Your tentacled monstrosity tentacle-slaps the orb of fire but does no damage.
Your tentacled monstrosity completely misses the orb of fire.
You block the death cob's attack.
Your system partially rejects the healing.
You feel much better. The death cob hits you!!
You die...

....[...^.# #........).^........
.....[....## #.................^.
...........###................^..
#########...###..................
##....##................#
###....^.......)....^.##
#▓▓▓▓▓▓▓▓▓▓▓##8...8▓▓
▓▓▓▓....^..........▓▓
##▓..z@........^...)^.▓
##...d8................. ▓▓▓▓▓▓
#..X*L.................) ......▓
▓...)8.............)...[
.......▓▓.......................
......[.▓..........^^..........▓
..0)L.................^.......▓▓
..z.)...▓...............[......▓
.^...^.▓▓.................).....


You could see an orb of fire, an electric golem, an ancient lich (invisible), a
death cob, a friendly tentacled monstrosity (summoned), a friendly red draconian
(summoned, misshapen) and a friendly spellforged servitor (summoned).

Vanquished Creatures
  3 orbs of fire
  Mara (Depths:3)
  4 ancient liches
  Sojobo (Depths:1)
  Boris (Depths:4)
  Margery (Crypt:1)
  8 Killer Klowns
  Bai Suzhen (Snake:4)
  Saint Roka (Crypt:2)
  Vashnia (Snake:2)
  5 curse toes
  6 golden dragons
  Jory (Crypt:1)
  A bone dragon (Depths:5)
  4 electric golems
  A Cloud Mage (WizLab)
  12 tentacled monstrosities
  9 liches
  22 Orb Guardians (Zot:5)
  2 deep elf blademasters (Elf:3)
  2 deep elf master archers (Elf:3)
  8 titans (Vaults:5)
  7 quicksilver dragons
  Polyphemus (Shoals:2)
  A sphinx (shapeshifter) (Vaults:5)
  8 ancient champions
  11 death cobs
  6 sphinxes
  10 tengu reavers
  Kirke (D:14)
  Donald (Orc:2)
  9 storm dragons
  6 shadow dragons
  9 draconian monks
  8 fire giants
  4 revenants
  5 draconian knights
  6 nagarajas
  3 ghost moths
  The ghost of Manareshi the Cleaver, a journeyman HOFi of Qazlal (Lair:4)
  19 vault wardens
  The ghost of Zonian the Destroyer, an adept TeCj of Nemelex Xobeh (Snake:3)
  Louise (Elf:1)
  An orc warlord (Orc:2)
  5 deep elf sorcerers (Elf:3)
  14 frost giants
  An iron dragon (Depths:3)
  A juggernaut zombie (Depths:4)
  Aizul (Crypt:1)
  4 curse skulls
  5 draconian stormcallers
  3 deep elf elementalists (Elf:3)
  10 draconian shifters
  7 draconian scorchers
  21 stone giants
  5 draconian annihilators
  13 ironheart preservers
  3 war gargoyles (Vaults:5)
  3 reapers
  19 very ugly things
  9 green draconians
  7 deep elf demonologists
  An entropy weaver (Vaults:3)
  8 white draconians
  12 purple draconians
  13 black draconians
  10 vampire knights
  A dire elephant (D:15)
  10 spark wasps
  11 yellow draconians
  The ghost of SkeletonJelly the Dealer of Despair, a journeyman DsMo of Kikubaaqudgha (Lair:4)
  13 red draconians
  7 deep elf annihilators
  11 deep elf death magi
  6 eidola
  5 merfolk javelineers (Shoals:4)
  Snorg (Lair:4)
  4 crystal guardians (Depths:2)
  6 blizzard demons
  7 merfolk impalers
  9 fire dragons
  14 ettins
  15 jiangshi
  5 deep elf high priests
  6 great orbs of eyes
  A rakshasa (Vaults:3)
  6 hydras
  13 yaktaur captains
  34 vault guards
  13 ice dragons
  A quicksilver dragon skeleton (Depths:4)
  7 boulder beetles
  18 naga warriors
  15 anacondas
  4 catoblepae
  An alligator snapping turtle (Shoals:4)
  9 ghost crabs (WizLab)
  4 merfolk avatars
  6 spriggan air magi
  9 merfolk aquamancers
  50 two-headed ogres
  9 centaur warriors
  36 dancing weapons
  18 ogre magi
  12 deep troll shamans
  5 tengu warriors
  11 death yaks
  7 deep troll earth magi
  3 satyrs (Shoals:4)
  A titan zombie (Depths:4)
  4 death knights
  Urug (Lair:3)
  8 vampire magi
  A soul eater (Crypt:1)
  3 orc high priests (Orc:2)
  10 shock serpents
  3 spriggan berserkers
  22 deep elf knights
  5 hell knights
  A storm dragon zombie (Depths:4)
  20 naga sharpshooters
  A sun demon (Depths:1)
  Sonja (Lair:5)
  5 iron trolls
  8 salamander mystics
  32 skeletal warriors
  6 shadow wraiths
  An unseen horror (Vaults:1)
  8 flayed ghosts
  3 glowing orange brains
  32 deep trolls
  8 sea snakes
  An unseen horror (shapeshifter) (Vaults:3)
  5 naga ritualists
  A spark wasp zombie (Depths:4)
  2 iron giant skeletons
  9 wizards
  15 phantasmal warriors
  14 deep elf archers
  18 ironbrand convokers
  2 lindwurms (shapeshifter)
  2 death drakes (WizLab)
  An orange crystal statue (Depths:2)
  5 lindwurms
  2 golden dragon skeletons
  An orb spider (shapeshifter) (Vaults:1)
  17 orc knights
  A wolf spider zombie (Crypt:2)
  15 harpies
  6 necromancers
  78 deep elf magi
  48 ugly things
  3 orc sorcerers
  2 wolf spiders (D:15)
  2 tengu skeletons
  An oklob plant (Lair:1)
  A fire giant zombie (Crypt:1)
  14 mana vipers
  25 cyclopes
  A faun (shapeshifter) (Depths:3)
  15 slime creatures
  10 fauns
  2 stone giant zombies
  11 salamanders
  14 manticores
  2 human zombies
  An iron dragon skeleton (Depths:4)
  A goliath frog skeleton (Crypt:3)
  3 sphinx skeletons (Depths:4)
  26 moths of wrath
  A centaur zombie (D:13)
  11 merfolk sirens
  6 elephants (Lair:6)
  22 naga magi
  18 vault sentinels
  3 ice statues
  A smoke demon (Depths:1)
  2 fire giant skeletons (Depths:4)
  6 guardian serpents
  2 frost giant skeletons
  4 apocalypse crabs (WizLab)
  A guardian serpent (shapeshifter) (Elf:2)
  A rust devil (Depths:4)
  7 water nymphs
  10 cane toads
  A spriggan skeleton (Depths:4)
  A storm dragon simulacrum (Crypt:1)
  2 gargoyles (D:14)
  4 kobold demonologists
  A hellion (Depths:3)
  30 black mambas
  A green draconian zombie (Crypt:3)
  16 komodo dragons
  A redback zombie (D:12)
  55 yaktaurs
  A red draconian zombie (Crypt:2)
  A rime drake (shapeshifter) (Vaults:2)
  An efreet (D:14)
  9 freezing wraiths
  12 ice devils
  A rime drake (Lair:4)
  A guardian mummy (Crypt:3)
  5 red devils
  An iron troll skeleton (Crypt:1)
  A merfolk (shapeshifter) (Vaults:3)
  A hellwing (Depths:1)
  A jumping spider (Vaults:3)
  A polar bear (shapeshifter) (Vaults:4)
  A hydra skeleton (Crypt:1)
  7 hornets
  25 merfolk
  A polar bear (Lair:6)
  8 trolls
  5 wind drakes
  A wind drake (shapeshifter) (Vaults:5)
  A shadow dragon simulacrum (Crypt:1)
  5 blink frogs (Lair:4)
  A raiju (shapeshifter) (Depths:3)
  A moth of wrath zombie (Crypt:2)
  A meliai zombie (D:15)
  6 snapping turtles
  2 ice dragon skeletons
  11 air elementals
  13 dream sheep
  An ettin skeleton (Vaults:1)
  6 flying skulls
  A stone giant simulacrum (Vaults:3)
  3 human simulacra
  A vampire (D:13)
  4 shadows
  Sigmund (D:6)
  An alligator skeleton (Crypt:3)
  30 water elementals
  2 fire elementals
  A redback (Vaults:3)
  3 spriggans (Depths:2)
  A ynoxinul (Depths:1)
  2 wraiths
  48 yaks
  Grum (D:11)
  8 wyverns
  6 hogs (D:14)
  2 basilisks (shapeshifter)
  9 basilisks
  A steam dragon (D:12)
  9 vampire mosquitoes
  A yaktaur simulacrum (Vaults:1)
  7 wargs
  Menkaure (D:6)
  A soldier ant (shapeshifter) (D:13)
  42 nagas
  A naga (shapeshifter) (D:13)
  4 acid dragons
  18 water moccasins
  2 elf skeletons
  2 ogre skeletons
  A floating eye (Depths:3)
  A phantom (D:11)
  2 elf zombies
  5 sky beasts
  4 ice beasts
  An ettin simulacrum (Vaults:1)
  45 orc warriors
  A black bear (shapeshifter) (Depths:4)
  2 necrophages
  43 ogres
  5 boggarts
  14 centaurs
  28 wolves
  A swamp dragon skeleton (Crypt:1)
  A dream sheep skeleton (Crypt:2)
  19 bullfrogs
  8 big kobolds
  A draconian zombie (Crypt:1)
  A human skeleton (Vaults:3)
  A wyvern zombie (D:12)
  3 earth elementals
  A cyclops skeleton (Crypt:3)
  2 wyvern skeletons
  2 scorpions
  A spriggan zombie (Crypt:1)
  11 killer bees
  2 electric eels (D:10)
  12 wights
  3 howler monkeys
  2 crimson imps (Depths:3)
  2 bullfrog zombies
  5 hounds
  7 jellies
  13 orc priests
  23 orc wizards
  A soldier ant zombie (Crypt:1)
  6 centaur skeletons
  2 bullfrog skeletons
  2 iguanas
  6 worker ants
  A felid skeleton (Crypt:2)
  A demigod skeleton (Crypt:3)
  A hound zombie (Crypt:2)
  2 hound skeletons
  12 mummies (Crypt:3)
  A worker ant zombie (D:10)
  Robin (D:2)
  11 gnolls
  18 adders
  A shadow imp (D:9)
  7 white imps
  11 ufetubi
  9 oozes
  A dart slug (D:1)
  A worm (D:2)
  10 leopard geckos
  111 orcs
  9 giant cockroaches
  A gnoll zombie (Crypt:2)
  19 goblins
  8 hobgoblins
  12 jackals
  27 kobolds
  7 quokkas
  4 ball pythons
  3 bats
  5 frilled lizards
  A frilled lizard skeleton (Crypt:3)
  2 jackal skeletons
  2 leopard gecko skeletons
  2 quokka skeletons
  27 rats
  A bush (Lair:6)
  8 crawling corpses
2553 creatures vanquished.

Vanquished Creatures (collateral kills)
  A tentacled monstrosity (Vaults:5)
  An Orb Guardian (Zot:5)
  A death cob (Zot:5)
  A purple draconian (Zot:5)
  2 jiangshi (Crypt:1)
  A vampire mage (Crypt:1)
  Nergalle (D:12)
  A black mamba (Snake:3)
  A cane toad (Lair:1)
  An ice devil (IceCv)
  A basilisk (Lair:1)
  Edmund (D:5)
  An orc warrior (Bailey)
  A bullfrog (D:6)
  A wyvern zombie (D:8)
  Crazy Yiuf (D:4)
  A worker ant (D:5)
  A white imp (IceCv)
  An orc (D:5)
20 creatures vanquished.

Vanquished Creatures (others)
  A vampire mage (Crypt:2)
  3 white imps (IceCv)
  3 ufetubi (IceCv)
  76 fungi
  277 plants
  11 toadstools (D:4)
  6 withered plants
377 creatures vanquished.

Grand Total: 2950 creatures vanquished

Notes
Turn   | Place    | Note
-------+----------+-------------------------------------------
     0 | D:1      | robertstho the Gnoll Ice Elementalist began the quest for
                  | the Orb.
     0 | D:1      | Reached XP level 1. HP: 13/13 MP: 6/6
   560 | D:1      | Reached XP level 2. HP: 15/19 MP: 7/7
  1184 | D:1      | Reached XP level 3. HP: 23/25 MP: 9/9
  1194 | D:1      | Reached skill level 5 in Spellcasting
  1521 | D:2      | Noticed Robin
  1527 | D:2      | Learned a level 3 spell: Frozen Ramparts
  1528 | D:2      | Reached skill level 1 in Invocations
  1547 | D:2      | Reached skill level 1 in Fighting
  1547 | D:2      | Reached skill level 1 in Short Blades
  1547 | D:2      | Reached skill level 1 in Long Blades
  1547 | D:2      | Reached skill level 1 in Axes
  1547 | D:2      | Reached skill level 1 in Maces & Flails
  1547 | D:2      | Reached skill level 1 in Polearms
  1547 | D:2      | Reached skill level 1 in Staves
  1547 | D:2      | Reached skill level 1 in Slings
  1547 | D:2      | Reached skill level 1 in Bows
  1547 | D:2      | Reached skill level 1 in Crossbows
  1547 | D:2      | Reached skill level 1 in Throwing
  1547 | D:2      | Reached skill level 1 in Armour
  1547 | D:2      | Reached skill level 1 in Shields
  1547 | D:2      | Reached skill level 1 in Unarmed Combat
  1547 | D:2      | Reached skill level 1 in Evocations
  1562 | D:2      | Killed Robin
  1563 | D:2      | Reached XP level 4. HP: 30/32 MP: 3/11
  1755 | D:2      | Learned a level 3 spell: Ozocubu's Armour
  1760 | D:2      | Learned a level 4 spell: Hailstorm
  1965 | D:2      | You fall into a shaft and drop 2 floors!
  1968 | D:4      | Found a white marble altar of Elyvilon.
  2059 | D:4      | Reached skill level 1 in Conjurations
  2059 | D:4      | Reached skill level 1 in Hexes
  2059 | D:4      | Reached skill level 1 in Summonings
  2059 | D:4      | Reached skill level 1 in Necromancy
  2059 | D:4      | Reached skill level 1 in Translocations
  2059 | D:4      | Reached skill level 1 in Transmutations
  2059 | D:4      | Reached skill level 1 in Fire Magic
  2059 | D:4      | Reached skill level 1 in Air Magic
  2059 | D:4      | Reached skill level 1 in Earth Magic
  2059 | D:4      | Reached skill level 1 in Poison Magic
  2232 | D:4      | Found a runed translucent door.
  2233 | D:4      | Noticed Crazy Yiuf
  2269 | D:4      | Found a staircase to the Ecumenical Temple.
  2294 | D:4      | Reached XP level 5. HP: 37/37 MP: 6/12
  2362 | Temple   | Entered the Ecumenical Temple
  2536 | Temple   | Became a worshipper of Sif Muna the Loreminder
  2710 | D:4      | Found a shimmering altar of Xom.
  2713 | D:4      | Found a shimmering altar of Xom.
  2715 | D:4      | Found a shimmering altar of Xom.
  2716 | D:4      | Found a shimmering altar of Xom.
  2793 | D:4      | Found a hide-covered altar of Uskayaw.
  2802 | D:4      | Found an ancient bone altar of Kikubaaqudgha.
  2902 | D:4      | Found a shimmering altar of Xom.
  2924 | D:4      | Noticed an ogre
  2933 | D:4      | Killed an ogre
  2934 | D:4      | Reached skill level 5 in Dodging
  2934 | D:4      | Reached skill level 2 in Invocations
  2934 | D:4      | Reached XP level 6. HP: 44/44 MP: 7/14
  2939 | D:4      | Learned a level 4 spell: Summon Ice Beast
  2988 | D:4      | Found a shimmering altar of Xom.
  3418 | D:4      | Reached * piety under Sif Muna
  3590 | D:4      | Reached XP level 7. HP: 50/50 MP: 8/15
  3911 | D:4      | Killed Crazy Yiuf
  4434 | D:3      | Reached ** piety under Sif Muna
  4613 | D:3      | Found a sparkling altar of Nemelex Xobeh.
  5764 | D:2      | Reached skill level 5 in Stealth
  6074 | D:5      | Entered Level 5 of the Dungeon
  6106 | D:5      | Reached skill level 3 in Invocations
  6259 | D:5      | Reached XP level 8. HP: 57/57 MP: 12/16
  6527 | D:5      | Noticed Edmund
  6541 | D:5      | Killed Edmund
  7061 | D:6      | Found a sacrificial altar of Ru.
  7061 | D:6      | Found a snail-covered altar of Cheibriados.
  7100 | D:6      | Noticed Menkaure
  7105 | D:6      | Noticed Sigmund
  7111 | D:6      | Killed Menkaure
  7136 | D:6      | Killed Sigmund
  7137 | D:6      | Reached skill level 4 in Invocations
  7431 | D:6      | Reached XP level 9. HP: 22/65 MP: 6/18
  7734 | D:6      | Reached *** piety under Sif Muna
  7823 | D:6      | Found a basalt altar of Yredelemnul.
  7824 | D:6      | Found a stormy altar of Qazlal.
  7936 | D:7      | Got a scorched hunting sling
  8031 | D:7      | Identified the +6 hunting sling of Emim {flame, *Contam
                  | rC++} (You found it on level 7 of the Dungeon)
  8691 | D:7      | Found a hazy altar of Hepliaklqana.
  9139 | D:8      | Found a flagged portal.
  9145 | D:8      | Reached skill level 5 in Invocations
  9202 | Bailey   | Entered a bailey
  9365 | Bailey   | Reached **** piety under Sif Muna
  9517 | Bailey   | Noticed an orc knight
  9667 | Bailey   | Reached XP level 10. HP: 64/73 MP: 1/20
  9814 | Bailey   | Killed an orc knight
  9815 | Bailey   | Reached skill level 5 in Fighting
  9815 | Bailey   | Reached skill level 5 in Short Blades
  9815 | Bailey   | Reached skill level 5 in Long Blades
  9815 | Bailey   | Reached skill level 5 in Axes
  9815 | Bailey   | Reached skill level 5 in Maces & Flails
  9815 | Bailey   | Reached skill level 5 in Polearms
  9815 | Bailey   | Reached skill level 5 in Staves
  9815 | Bailey   | Reached skill level 5 in Slings
  9815 | Bailey   | Reached skill level 5 in Bows
  9815 | Bailey   | Reached skill level 5 in Crossbows
  9815 | Bailey   | Reached skill level 5 in Throwing
  9815 | Bailey   | Reached skill level 5 in Armour
  9815 | Bailey   | Reached skill level 5 in Shields
  9815 | Bailey   | Reached skill level 5 in Unarmed Combat
  9815 | Bailey   | Reached skill level 5 in Evocations
 10080 | Bailey   | Got an encrusted tower shield
 10081 | Bailey   | Identified Myepoow's Papyrus of Moulding and the Blaze
 10997 | D:8      | Identified the cursed +0 tower shield "Hail" {rF+ Int-5
                  | SInv} (You found it in a bailey)
 11534 | D:9      | Reached skill level 6 in Invocations
 11805 | D:9      | Got a jewelled leather armour
 11815 | D:9      | Identified the +3 leather armour of Lies {rC+ Regen+} (You
                  | found it on level 9 of the Dungeon)
 11827 | D:10     | Entered Level 10 of the Dungeon
 12206 | D:10     | Noticed a two-headed ogre
 12221 | D:10     | Killed a two-headed ogre
 12222 | D:10     | Reached XP level 11. HP: 81/81 MP: 7/22
 12694 | D:11     | Noticed a two-headed ogre
 12709 | D:11     | Killed a two-headed ogre
 12710 | D:11     | Reached skill level 5 in Conjurations
 12710 | D:11     | Reached skill level 5 in Hexes
 12710 | D:11     | Reached skill level 5 in Summonings
 12710 | D:11     | Reached skill level 5 in Necromancy
 12710 | D:11     | Reached skill level 5 in Translocations
 12710 | D:11     | Reached skill level 5 in Transmutations
 12710 | D:11     | Reached skill level 5 in Fire Magic
 12710 | D:11     | Reached skill level 5 in Air Magic
 12710 | D:11     | Reached skill level 5 in Earth Magic
 12710 | D:11     | Reached skill level 5 in Poison Magic
 12824 | D:11     | Noticed a cyclops
 12830 | D:11     | Killed a cyclops
 12940 | D:11     | Noticed a manticore
 12962 | D:11     | Killed a manticore
 13156 | D:11     | Reached skill level 7 in Invocations
 13289 | D:11     | Noticed a two-headed ogre
 13304 | D:11     | Killed a two-headed ogre
 13420 | D:11     | Noticed Grum
 13428 | D:11     | Killed Grum
 13563 | D:11     | Found a staircase to the Orcish Mines.
 14093 | D:11     | Found a staircase to the Lair.
 14103 | D:11     | Reached ***** piety under Sif Muna
 14103 | D:11     | Received a gift from Sif Muna
 14161 | D:11     | Reached XP level 12. HP: 89/89 MP: 19/24
 14523 | D:12     | Found a basalt altar of Yredelemnul.
 15371 | D:12     | Reached skill level 8 in Invocations
 15391 | D:12     | Noticed Nergalle
 15413 | D:12     | Killed Nergalle
 15712 | D:12     | Found a shimmering altar of Xom.
 16043 | D:13     | Noticed a centaur warrior
 16044 | D:13     | Noticed a boulder beetle
 16044 | D:13     | Noticed a fire dragon
 16149 | Lair:1   | Entered Level 1 of the Lair of Beasts
 16290 | Lair:1   | Noticed a six-headed hydra
 16752 | Lair:1   | Killed a six-headed hydra
 17276 | Lair:1   | Found a burning altar of Makhleb.
 17290 | Lair:1   | Reached XP level 13. HP: 31/98 MP: 11/26
 18193 | Lair:2   | Identified Sif Muna's Papyrus of Congealing Transformation
                  | (Sif Muna gifted it to you on level 2 of the Lair of
                  | Beasts)
 18193 | Lair:2   | Received a gift from Sif Muna
 18202 | Lair:2   | Learned a level 6 spell: Ozocubu's Refrigeration
 18207 | Lair:2   | Learned a level 4 spell: Iskenderun's Mystic Blast
 18213 | Lair:2   | Learned a level 5 spell: Fireball
 18292 | Lair:2   | Found a staircase to the Snake Pit.
 18887 | Lair:2   | Found a staircase to the Shoals.
 19231 | Lair:3   | Noticed Urug
 19244 | Lair:3   | Killed Urug
 19245 | Lair:3   | Reached skill level 9 in Invocations
 19482 | Lair:3   | Found a frozen archway.
 19503 | IceCv    | Entered an ice cave
 19948 | IceCv    | Reached skill level 10 in Ice Magic
 19949 | IceCv    | Gained mutation: You are partially covered in yellow
                  | scales. (AC +2) [mutagenic glow]
 20533 | IceCv    | Noticed a reaper
 20616 | IceCv    | Killed a reaper
 21845 | Lair:4   | Reached skill level 10 in Spellcasting
 22046 | Lair:4   | Noticed Snorg
 22062 | Lair:4   | Killed Snorg
 22063 | Lair:4   | Reached XP level 14. HP: 81/106 MP: 4/28
 22181 | Lair:4   | Found a runed translucent gate.
 22182 | Lair:4   | Found a runed translucent gate.
 22183 | Lair:4   | Found a runed translucent gate.
 22304 | Lair:4   | Reached skill level 10 in Dodging
 23445 | Lair:4   | Noticed SkeletonJelly's ghost (journeyman DsMo)
 23445 | Lair:4   | Noticed Manareshi's ghost (journeyman HOFi)
 23561 | Lair:5   | Reached skill level 10 in Stealth
 24226 | Lair:5   | Noticed Sonja
 24228 | Lair:5   | Killed Sonja
 24255 | Lair:5   | Got a scorched hunting sling
 24256 | Lair:5   | Identified the +8 hunting sling of Dissatisfaction {flame,
                  | rC+ rN+} (You found it on level 5 of the Lair of Beasts)
 24658 | Lair:6   | Entered Level 6 of the Lair of Beasts
 24694 | Lair:6   | Reached skill level 10 in Invocations
 24829 | Lair:6   | Found a viscous altar of Jiyva.
 24829 | Lair:6   | Found a staircase to the Slime Pits.
 26646 | Orc:1    | Entered Level 1 of the Orcish Mines
 26673 | Orc:1    | Noticed a stone giant
 26682 | Orc:1    | Killed a stone giant
 27117 | Orc:2    | Entered Level 2 of the Orcish Mines
 27128 | Orc:2    | Found Omodd's General Store.
 27128 | Orc:2    | Noticed an orc warlord
 27154 | Orc:2    | Found Fiuf's Antique Weapon Shoppe.
 27168 | Orc:2    | Reached XP level 15. HP: 113/115 MP: 5/29
 27182 | Orc:2    | Found Muteq's Book Emporium.
 27188 | Orc:2    | Found Gepewao's Antique Armour Boutique.
 27195 | Orc:2    | Found a flickering gateway to a bazaar.
 27203 | Bazaar   | Entered a bazaar
 27203 | Bazaar   | Found Qeffeax's Antique Armour Shoppe.
 27216 | Bazaar   | Found Eshiyty's Magic Scroll Shoppe.
 27223 | Bazaar   | Bought a scroll of identify for 18 gold pieces
 27223 | Bazaar   | Bought a scroll of blinking for 67 gold pieces
 27223 | Bazaar   | Bought a scroll of amnesia for 31 gold pieces
 27223 | Bazaar   | Bought a scroll of identify for 18 gold pieces
 27223 | Bazaar   | Bought a scroll of holy word for 67 gold pieces
 27258 | Bazaar   | Found Vubbut's Jewellery Shoppe.
 27263 | Bazaar   | Bought an uncursed ring of magical power for 200 gold
                  | pieces
 27263 | Bazaar   | Bought an uncursed ring of poison resistance for 200 gold
                  | pieces
 27544 | Orc:2    | Bought an ancient helmet for 237 gold pieces
 27554 | Orc:2    | Identified the cursed +0 helmet of the Elephant {*Corrode
                  | Str+3 Dex+8} (You bought it in a shop on level 2 of the
                  | Orcish Mines)
 27762 | Orc:2    | Killed an orc warlord
 27766 | Orc:2    | Found a staircase to the Elven Halls.
 27917 | Orc:2    | Noticed Donald
 27923 | Orc:2    | Killed Donald
 28193 | Orc:2    | Bought a potion of heal wounds for 90 gold pieces
 28193 | Orc:2    | Bought a scroll of blinking for 135 gold pieces
 28599 | D:13     | Reached skill level 10 in Fighting
 28599 | D:13     | Reached skill level 10 in Short Blades
 28599 | D:13     | Reached skill level 10 in Long Blades
 28599 | D:13     | Reached skill level 10 in Axes
 28599 | D:13     | Reached skill level 10 in Maces & Flails
 28599 | D:13     | Reached skill level 10 in Polearms
 28599 | D:13     | Reached skill level 10 in Staves
 28599 | D:13     | Reached skill level 10 in Slings
 28599 | D:13     | Reached skill level 10 in Bows
 28599 | D:13     | Reached skill level 10 in Crossbows
 28599 | D:13     | Reached skill level 10 in Throwing
 28599 | D:13     | Reached skill level 10 in Armour
 28599 | D:13     | Reached skill level 10 in Shields
 28599 | D:13     | Reached skill level 10 in Unarmed Combat
 28599 | D:13     | Reached skill level 10 in Evocations
 28789 | D:13     | Found Weruc's Antique Armour Emporium.
 28836 | D:13     | Bought a glowing scarf for 208 gold pieces
 29020 | D:13     | Found a burning altar of Makhleb.
 30042 | Shoals:1 | Entered Level 1 of the Shoals
 30048 | Shoals:1 | Reached skill level 11 in Invocations
 31393 | Shoals:1 | Found Xiorim's Book Shop.
 31608 | Shoals:1 | Identified Ticustiu's Incunabulum of Frigorific
                  | Confrontation (Sif Muna gifted it to you on level 1 of the
                  | Shoals)
 31608 | Shoals:1 | Received a gift from Sif Muna
 32441 | Shoals:2 | Noticed Polyphemus
 32555 | Shoals:2 | Reached XP level 16. HP: 87/123 MP: 18/31
 32557 | Shoals:2 | Killed Polyphemus
 35395 | Shoals:3 | Upgraded the game from 0.26-a0-1102-g347fe5baa7 to
                  | 0.26-a0-1107-g6118521029
 36241 | Shoals:4 | Entered Level 4 of the Shoals
 37453 | Shoals:4 | Reached skill level 12 in Invocations
 37477 | Shoals:4 | Got a barnacled rune of Zot
 37823 | Shoals:4 | Reached XP level 17. HP: 131/131 MP: 29/33
 37942 | Shoals:4 | Identified Raifum's Almanac of Creation and Attacks (Sif
                  | Muna gifted it to you on level 4 of the Shoals)
 37942 | Shoals:4 | Received a gift from Sif Muna
 37948 | Shoals:4 | Identified Jeepturgh's Reference Book on Supportive Curses
 38654 | Snake:1  | Entered Level 1 of the Snake Pit
 38757 | Snake:1  | Identified the Collected Works on Earth and Confrontation
 38892 | Snake:1  | Identified the +1 robe of the Mantidfly {Int+2}
 40720 | Snake:2  | Noticed Vashnia
 40736 | Snake:2  | Killed Vashnia
 40737 | Snake:2  | Reached skill level 10 in Conjurations
 40737 | Snake:2  | Reached skill level 10 in Hexes
 40737 | Snake:2  | Reached skill level 10 in Summonings
 40737 | Snake:2  | Reached skill level 10 in Necromancy
 40737 | Snake:2  | Reached skill level 10 in Translocations
 40737 | Snake:2  | Reached skill level 10 in Transmutations
 40737 | Snake:2  | Reached skill level 10 in Fire Magic
 40737 | Snake:2  | Reached skill level 10 in Air Magic
 40737 | Snake:2  | Reached skill level 10 in Earth Magic
 40737 | Snake:2  | Reached skill level 10 in Poison Magic
 41169 | Snake:2  | Found Vesoxt's Book Shop.
 41169 | Snake:2  | Found Yxtif's General Store.
 41173 | Snake:2  | Found Meisetua's Armour Shop.
 41178 | Snake:2  | Bought a potion of curing for 39 gold pieces
 41180 | Snake:2  | Bought a +2 pair of boots for 247 gold pieces
 42980 | Snake:3  | Found a runed translucent gate.
 42980 | Snake:3  | Found a runed translucent gate.
 42980 | Snake:3  | Found a runed translucent gate.
 42982 | Snake:3  | Noticed Zonian's ghost (adept TeCj)
 43404 | Snake:3  | Reached XP level 18. HP: 131/140 MP: 24/34
 45133 | Snake:4  | Entered Level 4 of the Snake Pit
 45281 | Snake:4  | Reached skill level 13 in Invocations
 45666 | Snake:4  | Noticed Bai Suzhen
 45691 | Snake:4  | Killed Bai Suzhen
 46437 | Snake:3  | Killed Zonian's ghost
 49421 | Snake:4  | Reached XP level 19. HP: 141/147 MP: 0/36
 49741 | Snake:4  | Got a serpentine rune of Zot
 50089 | Elf:1    | Entered Level 1 of the Elven Halls
 50652 | Elf:1    | Learned a level 6 spell: Iron Shot
 50730 | Elf:1    | Noticed Louise
 50736 | Elf:1    | Killed Louise
 51575 | Elf:1    | Identified Sif Muna's Grimoire of Enchanting Clay (Sif Muna
                  | gifted it to you on level 1 of the Elven Halls)
 51575 | Elf:1    | Received a gift from Sif Muna
 52392 | Elf:2    | Found a magical portal.
 52393 | Elf:2    | Got a shimmering leather armour
 52401 | WizLab   | Entered The Chambers of the Cloud Mage
 52497 | WizLab   | Reached skill level 14 in Invocations
 52850 | WizLab   | Identified the cursed +1 leather armour of Soft Rains
                  | {rPois Int+3} (You found it on level 2 of the Elven Halls)
 53289 | WizLab   | Identified the ring "Woemeus" {+Fly Stlth+}
 53779 | WizLab   | Noticed Tuklust
 53792 | WizLab   | Killed Tuklust the Cloud Mage
 53793 | WizLab   | Reached XP level 20. HP: 96/156 MP: 16/37
 53974 | WizLab   | Got an iridescent broad axe
 53977 | WizLab   | Identified the Guide on Flight
 53993 | WizLab   | Identified the +9 broad axe of Resumed Hostilities {vorpal,
                  | rN+} (You found it in a wizard's laboratory)
 54465 | Elf:2    | Found a runed translucent gate.
 54465 | Elf:2    | Found a runed translucent gate.
 54587 | Elf:2    | Found a runed translucent gate.
 56460 | Elf:3    | Entered Level 3 of the Elven Halls
 57655 | Elf:3    | Identified the +6 scale mail "Zoeg" {-Tele Rampage Will+}
 57809 | Elf:3    | Identified the cursed +0 halberd "Beal Fups" {drain,
                  | *Corrode rF+ Str+3 Stlth+}
 58056 | Elf:3    | Reached XP level 21. HP: 164/164 MP: 30/39
 58287 | Elf:3    | Identified the ring of the Original Sin {rElec rF+ Str+6}
 58291 | Elf:3    | Identified Wizardry, Part Two
 58355 | Elf:3    | Got smelly fire dragon scales
 58365 | Elf:3    | Identified the +6 fire dragon scales of the Sun {Harm +Inv
                  | rF++ rC- rN+} (You found it on level 3 of the Elven Halls)
 58379 | Elf:3    | Got a faintly glowing short sword
 58379 | Elf:3    | Identified the cursed +1 short sword "Haots" {vorpal, *Slow
                  | +Fly rF++ Will+} (You found it on level 3 of the Elven
                  | Halls)
 58391 | Elf:3    | Got a blackened shortbow
 58391 | Elf:3    | Identified the +3 shortbow of the Mind {flame, rF+} (You
                  | found it on level 3 of the Elven Halls)
 58396 | Elf:3    | Got an ancient ring mail
 58406 | Elf:3    | Identified the +0 ring mail "Utuhem" {-Tele Int+4} (You
                  | found it on level 3 of the Elven Halls)
 58418 | Elf:3    | Got a glimmering arbalest
 58418 | Elf:3    | Identified the +6 arbalest "Puocweth" {penet, rN+} (You
                  | found it on level 3 of the Elven Halls)
 59173 | Lair:4   | Killed SkeletonJelly's ghost
 59183 | Lair:4   | Killed Manareshi's ghost
 60170 | D:14     | Noticed Kirke
 61090 | D:14     | Killed Kirke
 61091 | D:14     | Reached skill level 15 in Invocations
 61220 | D:15     | Entered Level 15 of the Dungeon
 61250 | D:15     | Identified a scroll of acquirement
 61254 | D:15     | Acquired the +12 double sword "Dragonbane" {holy, rC++}
 61326 | D:15     | Found Utimuhim's Antique Weapon Boutique.
 61651 | D:15     | Found a staircase to the Depths.
 61658 | D:15     | Identified Sif Muna's Compendium of Confrontation (Sif Muna
                  | gifted it to you on level 15 of the Dungeon)
 61658 | D:15     | Received a gift from Sif Muna
 62079 | D:15     | Found a blossoming altar of Fedhas.
 62172 | D:15     | Found Kotzebuy's Book Boutique.
 62501 | D:13     | Found Enut's Distillery.
 62509 | D:13     | Bought a potion of heal wounds for 70 gold pieces
 62509 | D:13     | Bought 2 potions of heal wounds for 140 gold pieces
 62509 | D:13     | Bought a potion of haste for 140 gold pieces
 62786 | D:13     | Found a gate to the Vaults.
 62799 | Vaults:1 | Entered Level 1 of the Vaults
 64357 | Vaults:1 | Identified Rynwyg's Reference Book on Sinister Slavery (Sif
                  | Muna gifted it to you on level 1 of the Vaults)
 64357 | Vaults:1 | Received a gift from Sif Muna
 64375 | Vaults:1 | Reached skill level 15 in Spellcasting
 64393 | Vaults:1 | Reached XP level 22. HP: 169/172 MP: 7/41
 65633 | Vaults:2 | Reached skill level 15 in Dodging
 66238 | Vaults:2 | Reached skill level 15 in Stealth
 66808 | Vaults:2 | Identified Sif Muna's Almanac of Fetching Necromancy (Sif
                  | Muna gifted it to you on level 2 of the Vaults)
 66808 | Vaults:2 | Received a gift from Sif Muna
 67479 | Vaults:2 | Found Pirozay's Antique Armour Boutique.
 67487 | Vaults:2 | Bought a pair of runed boots for 225 gold pieces
 68487 | Vaults:3 | Acquired the ring of Charity {rPois rF+ Str-5 Dex+3 Slay+4}
 68631 | Vaults:3 | Found Zoariwis's Jewellery Emporium.
 68640 | Vaults:3 | Found a blossoming altar of Fedhas.
 69350 | Vaults:3 | Found a staircase to the Crypt.
 69457 | Vaults:3 | Reached skill level 16 in Invocations
 69698 | Vaults:3 | Identified Sif Muna's Grimoire of Mutagenic Creation (Sif
                  | Muna gifted it to you on level 3 of the Vaults)
 69698 | Vaults:3 | Received a gift from Sif Muna
 70060 | Vaults:3 | Found Xiyntoxt's General Store.
 70269 | Vaults:3 | Reached XP level 23. HP: 180/180 MP: 33/42
 71194 | Vaults:4 | Reached skill level 15 in Fighting
 71194 | Vaults:4 | Reached skill level 15 in Short Blades
 71194 | Vaults:4 | Reached skill level 15 in Long Blades
 71194 | Vaults:4 | Reached skill level 15 in Axes
 71194 | Vaults:4 | Reached skill level 15 in Maces & Flails
 71194 | Vaults:4 | Reached skill level 15 in Polearms
 71194 | Vaults:4 | Reached skill level 15 in Staves
 71194 | Vaults:4 | Reached skill level 15 in Slings
 71194 | Vaults:4 | Reached skill level 15 in Bows
 71194 | Vaults:4 | Reached skill level 15 in Crossbows
 71194 | Vaults:4 | Reached skill level 15 in Throwing
 71194 | Vaults:4 | Reached skill level 15 in Armour
 71194 | Vaults:4 | Reached skill level 15 in Shields
 71194 | Vaults:4 | Reached skill level 15 in Unarmed Combat
 71194 | Vaults:4 | Reached skill level 15 in Evocations
 71643 | Vaults:4 | Found Nixtaeq's Distillery.
 71651 | Vaults:4 | Bought a potion of curing for 42 gold pieces
 71651 | Vaults:4 | Bought a potion of berserk rage for 70 gold pieces
 71651 | Vaults:4 | Bought a potion of haste for 140 gold pieces
 71651 | Vaults:4 | Bought a potion of curing for 42 gold pieces
 71651 | Vaults:4 | Bought a potion of curing for 42 gold pieces
 71651 | Vaults:4 | Bought a potion of resistance for 140 gold pieces
 71651 | Vaults:4 | Bought a potion of berserk rage for 70 gold pieces
 72620 | Vaults:4 | Identified the Collected Works on Shifting Summoning
 72938 | Vaults:4 | Identified Sif Muna's Handbook of Mutagenic Necromancy (Sif
                  | Muna gifted it to you on level 4 of the Vaults)
 72938 | Vaults:4 | Received a gift from Sif Muna
 73617 | Vaults:5 | Entered Level 5 of the Vaults
 73902 | Vaults:5 | Noticed an ancient lich
 73992 | Vaults:5 | Reached XP level 24. HP: 170/189 MP: 29/43
 73997 | Vaults:4 | Killed an ancient lich
 75621 | Vaults:5 | Identified Sif Muna's Papyrus of the Birds and Evil Secrets
                  | (Sif Muna gifted it to you on level 5 of the Vaults)
 75621 | Vaults:5 | Received a gift from Sif Muna
 76566 | Vaults:5 | Acquired 608 gold pieces
 77063 | Vaults:5 | Reached skill level 17 in Invocations
 77068 | Vaults:5 | Identified the ring of Lesser Demons {rN+ Str+6}
 77075 | Vaults:5 | Reached skill level 15 in Ice Magic
 77440 | Vaults:5 | Got a silver rune of Zot
 77444 | Vaults:5 | Identified the +3 pair of gloves of Veov {Int+7} (You found
                  | it on level 5 of the Vaults)
 78930 | Vaults:5 | Reached XP level 25. HP: 197/197 MP: 24/43
 79314 | Vaults:5 | Identified the +5 bardiche "Punt" {drain, rElec rF+}
 79484 | Vaults:5 | Identified the ring "Yleenowo" {rN+ Int+7 SInv}
 79617 | Vaults:5 | Found the ring of Shadows {Umbra +Inv Stlth+}
 79622 | Vaults:5 | Identified the Guide on the Shifting Arsonist
 79640 | Vaults:5 | Identified the ring "Rug Imoo" {rF+ Str+6} (You found it on
                  | level 5 of the Vaults)
 79654 | Vaults:5 | Identified Laharphum's Incunabulum of Translocation and
                  | Clay
 79853 | Crypt:1  | Entered Level 1 of the Crypt
 80244 | Vaults:3 | Learned a level 1 spell: Apportation
 80247 | Vaults:3 | Learned a level 2 spell: Sublimation of Blood
 80252 | Vaults:3 | Learned a level 4 spell: Summon Lightning Spire
 80255 | Vaults:3 | Learned a level 2 spell: Swiftness
 80260 | Vaults:3 | Learned a level 4 spell: Dispel Undead
 80268 | Vaults:3 | Learned a level 7 spell: Spellforged Servitor
 80422 | Crypt:1  | Identified Sif Muna's Compendium of Snow and Unholy Rituals
                  | (Sif Muna gifted it to you on level 1 of the Crypt)
 80422 | Crypt:1  | Received a gift from Sif Muna
 80425 | Crypt:1  | Noticed Jory
 80434 | Crypt:1  | Killed Jory
 81032 | Crypt:1  | Noticed Aizul
 81036 | Crypt:1  | Killed Aizul
 81934 | Crypt:1  | Noticed Margery
 81940 | Crypt:1  | Killed Margery
 83589 | Crypt:2  | Noticed Saint Roka
 83596 | Crypt:2  | Killed Saint Roka
 84146 | Crypt:3  | Entered Level 3 of the Crypt
 84649 | Crypt:3  | Found a staircase to the Tomb.
 85399 | Crypt:3  | Reached XP level 26. HP: 64/206 MP: 33/44
 85989 | Crypt:3  | Gained mutation: Armour fits poorly on your strangely
                  | shaped body. [a cacodemon]
 85992 | Crypt:3  | Identified Saky's Guide on Stolen Souls
 85992 | Crypt:3  | Noticed an ancient lich
 85996 | Crypt:3  | Identified the ring "Lulak" {Fire Int+5 Dex+2} (You found
                  | it on level 3 of the Crypt)
 86000 | Crypt:3  | Killed an ancient lich
 86217 | Crypt:3  | Reached skill level 18 in Invocations
 86236 | Crypt:3  | Identified the ring of Ryetarr {*Corrode rC+ rN+ Int+2
                  | Stlth+} (You found it on level 3 of the Crypt)
 86237 | Crypt:3  | Identified the amulet "Ownar Ysk" {Regen+ Str+4} (You found
                  | it on level 3 of the Crypt)
 86238 | Crypt:3  | Identified the amulet "Dism" {Regen+ Str+3} (You found it
                  | on level 3 of the Crypt)
 87114 | Depths:1 | Entered Level 1 of the Depths
 87132 | Depths:1 | Learned a level 6 spell: Starburst
 87336 | Depths:1 | Noticed Sojobo
 87346 | Depths:1 | Killed Sojobo
 87499 | Depths:1 | Found a one-way gate leading to the halls of Pandemonium.
 88026 | Depths:1 | You fall into a shaft and drop 1 floor!
 88026 | Depths:2 | Found a gateway to Hell.
 89425 | Depths:2 | Found a runed translucent door.
 89821 | Depths:2 | Found a portal to a secret trove of treasure.
 89849 | Depths:2 | Found a one-way gate to the infinite horrors of the Abyss.
 90817 | Depths:2 | Got a vibrating bronze ring
 90819 | Depths:2 | Identified the ring "Macuesmuc" {rElec rC+ Str+2 Slay+3
                  | Stlth+} (You found it on level 2 of the Depths)
 90825 | Depths:2 | Acquired 571 gold pieces
 90826 | Depths:2 | Acquired 894 gold pieces
 90929 | Depths:3 | Paralysed by a floating eye for 2 turns
 90934 | Depths:3 | Identified Sif Muna's Tome of the Hurtful Voyage (Sif Muna
                  | gifted it to you on level 3 of the Depths)
 90934 | Depths:3 | Received a gift from Sif Muna
 91575 | Depths:3 | Found a gateway to a ziggurat.
 91761 | Depths:3 | Reached XP level 27. HP: 215/215 MP: 44/44
 92308 | Depths:3 | Found the +8 trident of the Octopus King {venom, rElec
                  | rPois Will+}
 92723 | Depths:3 | Noticed an ancient lich
 92733 | Depths:3 | Killed an ancient lich
 93287 | Depths:4 | Found a flickering gateway to a bazaar.
 93294 | Bazaar   | Entered a bazaar
 93517 | Bazaar   | Found Oku Gadu's Distillery.
 93525 | Bazaar   | Bought a potion of curing for 48 gold pieces
 93525 | Bazaar   | Bought 2 potions of heal wounds for 160 gold pieces
 93531 | Bazaar   | Found Dottol's Assorted Antiques.
 93545 | Bazaar   | Found Sotis's General Store.
 93694 | Bazaar   | Bought the +8 lance "Wyrmbane" {slay drac, rPois rF+ rC+
                  | AC+3} for 1696 gold pieces
 93694 | Bazaar   | Found the +8 lance "Wyrmbane" {slay drac, rPois rF+ rC+
                  | AC+3}
 93711 | Bazaar   | Bought 2 potions of invisibility for 256 gold pieces
 93711 | Bazaar   | Bought a potion of berserk rage for 80 gold pieces
 93711 | Bazaar   | Bought a potion of mutation for 128 gold pieces
 94092 | Depths:4 | Reached skill level 15 in Conjurations
 94092 | Depths:4 | Reached skill level 15 in Hexes
 94092 | Depths:4 | Reached skill level 15 in Summonings
 94092 | Depths:4 | Reached skill level 15 in Necromancy
 94092 | Depths:4 | Reached skill level 15 in Translocations
 94092 | Depths:4 | Reached skill level 15 in Transmutations
 94092 | Depths:4 | Reached skill level 15 in Fire Magic
 94092 | Depths:4 | Reached skill level 15 in Air Magic
 94092 | Depths:4 | Reached skill level 15 in Earth Magic
 94092 | Depths:4 | Reached skill level 15 in Poison Magic
 94101 | Depths:4 | Noticed Mara
 94733 | Depths:4 | Noticed robertstho's illusion
 94784 | Depths:3 | Noticed robertstho's illusion
 94785 | Depths:3 | Killed Mara
 95143 | Depths:4 | Found Luigugo's Gadget Shop.
 95323 | Depths:4 | Noticed Boris
 95332 | Depths:4 | Killed Boris
 96755 | Depths:5 | Entered Level 5 of the Depths
 96937 | Depths:5 | Identified the +1 robe "Haxzen" {*Drain rPois rN+} (You
                  | found it on level 5 of the Depths)
 97279 | Depths:5 | Reached skill level 19 in Invocations
 97418 | Depths:5 | Found Mirghoh's One-of-a-Kind Books.
 97619 | Depths:5 | Identified Sif Muna's Collected Works on Doomed Combat
                  | Magic (Sif Muna gifted it to you on level 5 of the Depths)
 97619 | Depths:5 | Received a gift from Sif Muna
 97761 | Depths:5 | Found a gate to the Realm of Zot.
 98337 | Zot:1    | Entered Level 1 of the Realm of Zot
 99229 | Zot:1    | Noticed an orb of fire
 99233 | Zot:1    | Gained mutation: You possess an exceptional clarity of
                  | mind. [an orb of fire]
 99237 | Zot:1    | Gained mutation: You are frail. (-10% HP) [an orb of fire]
 99239 | Zot:1    | Gained mutation: You are clumsy. (Dex -2) [an orb of fire]
 99244 | Zot:1    | Killed an orb of fire
100174 | Zot:2    | Gained mutation: Your system is resistant to poisons.
                  | (rPois) [mutagenic glow]
100183 | Zot:2    | Gained mutation: Potions are less effective at restoring
                  | your health. [mutagenic glow]
101189 | Zot:2    | You fall into a shaft and drop 1 floor!
101943 | Zot:3    | Found a huge runed gate.
101943 | Zot:3    | Found a huge runed gate.
101945 | Zot:3    | Found a huge runed gate.
101947 | Zot:3    | Found a huge runed gate.
103170 | Zot:3    | Found a huge runed gate.
103170 | Zot:3    | Found a huge runed gate.
103171 | Zot:3    | Found a huge runed gate.
103171 | Zot:3    | Found a huge runed gate.
103171 | Zot:3    | Found a huge runed gate.
103171 | Zot:3    | Found a huge runed gate.
103172 | Zot:3    | Found a huge runed gate.
103178 | Zot:3    | Found a huge runed gate.
103258 | Zot:3    | Found a huge runed gate.
103260 | Zot:3    | Found a huge runed gate.
103265 | Zot:3    | Found a huge runed gate.
103265 | Zot:3    | Found a huge runed gate.
103266 | Zot:3    | Found a huge runed gate.
103266 | Zot:3    | Found a huge runed gate.
103266 | Zot:3    | Found a huge runed gate.
103267 | Zot:3    | Found a huge runed gate.
103269 | Zot:3    | Found a huge runed gate.
103401 | Zot:3    | Found a huge runed gate.
103401 | Zot:3    | Found a huge runed gate.
103401 | Zot:3    | Found a huge runed gate.
103401 | Zot:3    | Found a huge runed gate.
103401 | Zot:3    | Found a huge runed gate.
103401 | Zot:3    | Found a huge runed gate.
103934 | Zot:3    | Found a huge runed gate.
103934 | Zot:3    | Found a huge runed gate.
103934 | Zot:3    | Found a huge runed gate.
103934 | Zot:3    | Found a huge runed gate.
103934 | Zot:3    | Found a huge runed gate.
103934 | Zot:3    | Found a huge runed gate.
103942 | Zot:3    | Found a huge runed gate.
103942 | Zot:3    | Found a huge runed gate.
104806 | Zot:4    | Reached skill level 20 in Invocations
106148 | Zot:5    | Entered Level 5 of the Realm of Zot
107488 | Zot:5    | Noticed an ancient lich
107568 | Zot:5    | Killed an ancient lich
108034 | Zot:5    | Noticed an orb of fire
108045 | Zot:5    | Gained mutation: You occasionally shout uncontrollably at
                  | your foes. [an orb of fire]
108055 | Zot:5    | Killed an orb of fire
109024 | Zot:5    | Received a gift from Sif Muna
109030 | Zot:5    | Noticed an orb of fire
109035 | Zot:5    | Noticed an orb of fire
109036 | Zot:5    | Gained mutation: You are weak. (Str -2) [an orb of fire]
109039 | Zot:5    | Noticed an ancient lich
109044 | Zot:5    | Killed an orb of fire
109056 | Zot:5    | HP: 3/199 [orb of fire/bolt of fire (15)]
109057 | Zot:5    | Slain by a death cob

Illustrated notes

Levels and vault maps discovered:
D:1:      minmay_arrival_shattered_statue, layout_basic
D:2:      layout_basic, minmay_crystal_room, minmay_misc_feat_ornament,
          uniq_robin
D:3:      layout_loops_corners, nemelex_xobeh_ov_fountains_minmay,
          minmay_rat_hole
D:4:      cheibrodos_fertilizer, layout_basic, old_standard_altar,
          xom_redecorated, amethyst_overflow_temple_binary,
          minmay_temple_entry_mist, serial_corexii_hall,
          chequers_hall_statues_y, corexii_hall_statues_i,
          chequers_hall_statues_wall_a, minmay_between, uniq_crazy_yiuf_cottage
D:5:      layout_cave_pools, uniq_edmund
D:6:      layout_rooms, gammafunk_temple_overflow_wave,
          gammafunk_temple_overflow_pools, uniq_menkaure, uniq_sigmund
D:7:      layout_loops_cross, marbit_many_paths
D:8:      layout_rooms, enter_bailey_5
D:9:      layout_cave_pools
D:10:     layout_basic
D:11:     layout_rooms, erik_lair_dragon, david_orc_3, uniq_grum
D:12:     layout_stronghold, basic_altar, yredelemnul_altar_generic,
          uniq_nergalle
D:13:     layout_gridville, david_vaults_4, serial_shops, shop, shop,
          minmay_ruined_shrine
D:14:     layout_loops_ring, dk_noncrumbling_4, uniq_kirke
D:15:     hangedman_depths_entry_try_elsewhere_first, layout_basic,
          serial_shops, nicolae_shop_competitors_out_of_business, shop,
          small_statue_intersection, fedhas_altar_1
Temple:   minmay_temple_bridge_abc
Lair:1:   layout_gridlike, lemuel_oklob_altar
Lair:2:   layout_regular_city, elwin_shoals_entry_rooms,
          minmay_snake_entry_six_corridors
Lair:3:   layout_roguey, portal_ice_cave_entry_pillars_1,
          grunt_forest_stairs_basic, uniq_urug
Lair:4:   layout_regular_city, gammafunk_ghost_cemetery, uniq_snorg
Lair:5:   layout_cave_pods, uniq_sonja
Lair:6:   grunt_lair_end_beastmaster, layout_layer_cave, slime_altar_1
Shoals:1: layout_shoals, serial_shops, shop, nicolae_shoals_aquamancer_cove
Shoals:2: layout_shoals, st_shoals_ruin, uniq_polyphemus
Shoals:3: layout_shoals, nicolae_shoals_circle_sea_wall, argonaut_gorgonesque
Shoals:4: shoals_end_simple, layout_shoals, nicolae_shoals_seven_spires
Snake:1:  layout_gridlike, serial_curves, eino_curves_03, eino_curves_01
Snake:2:  layout_chambers, grunt_ministairs_6, minmay_shop_star,
          grunt_megastairs_5, uniq_vashnia
Snake:3:  layout_layer_cave, gammafunk_ghost_split
Snake:4:  snake_pit_salamanders_mu, layout_gridlike, uniq_bai_suzhen
Orc:1:    layout_caves
Orc:2:    grunt_orc_gardens, layout_caves, grunt_orc_garden, grunt_orc_garden,
          grunt_orc_garden, grunt_orc_garden, serial_shops, bzr_in_the_mist,
          uniq_donald
Elf:1:    eino_elf_arrival_the_gate, layout_onion_city, minivault_28,
          uniq_louise
Elf:2:    layout_geoelf_octagon, mu_enter_wizlab_4,
          einodemon_armed_red_devil_minivault
Elf:3:    elf_hall, layout_loops_cross
Vaults:1: vaults_room_glass_cross, ontoclasm_vaults_tryst, v_misc_23,
          vaults_room_door_ring, ontoclasm_vaults_chip,
          nicolae_vaults_network_s, vaults_dpeg_encased_lava, v_misc_5,
          vaults_room_grunt_arrival_ludios, ontoclasm_vaults_ring_small,
          vaults_room_fancy_cross, nicolae_vaults_what_the_h,
          nicolae_vaults_little_squares_3, hangedman_vaults_capsules,
          grunt_vaults_diagonal, layout_vaults_omnibox
Vaults:2: grunt_vaults_twisty, v_misc_17, hangedman_vaults_restitches,
          hangedman_vaults_hat, nicolae_vaults_mini_display_case,
          ontoclasm_vaults_decontamination, v_misc_3, nicolae_vaults_asterisk,
          hangedman_vaults_locks, nicolae_vaults_little_squares_2,
          layout_vaults_ring, serial_shops, shop
Vaults:3: minmay_crypt_entry_simple_plaza, st_cells,
          nicolae_vaults_network_square, nicolae_vaults_twisting_passages,
          ontoclasm_vaults_claustrophobia, v_pattern_5, ontoclasm_vaults_chip,
          vaults_room_corners, nicolae_vaults_triangles, layout_vaults_big_room,
          serial_shops, shop, shop, basic_altar
Vaults:4: st_check, nicolae_vaults_little_squares_4, vaults_mumra_chevron_long,
          v_misc_10, hangedman_vaults_stagger, vaults_room_ringed_pool,
          serial_ice_b, v_pattern_3, v_misc_10, hangedman_vaults_maws,
          nicolae_vaults_little_squares_2, nicolae_vaults_border_crossing,
          grunt_vaults_hallway_short, layout_vaults_big_cross, serial_shops,
          shop
Vaults:5: serial_shops
Crypt:1:  layout_chaotic_city, uniq_margery, uniq_aizul, uniq_jory
Crypt:2:  layout_gridlike, item_on_display_a, uniq_saint_roka
Crypt:3:  david_glass_crypt, layout_misc_corridors,
          nicolae_tomb_entry_unfolded_pyramid_orthogonal
Depths:1: minmay_the_grid_square_5x5_4x4 [minmay_the_grid_square_5x5_corner,
          minmay_the_grid_square_5x5_empty, minmay_the_grid_square_5x5_percent,
          minmay_the_grid_square_5x5_two,
          minmay_the_grid_square_5x5_doubleslash,
          minmay_the_grid_square_5x5_prize_pseudospiral,
          minmay_the_grid_square_5x5_prize_snowflake,
          minmay_the_grid_square_5x5_inner_z,
          minmay_the_grid_square_5x5_intrusive_squares,
          minmay_the_grid_square_5x5_prize_deathbox,
          minmay_the_grid_square_5x5_prize_open,
          minmay_the_grid_square_5x5_checkered_statues,
          minmay_the_grid_square_5x5_minimal,
          minmay_the_grid_square_5x5_bracketed,
          minmay_the_grid_square_5x5_lines, minmay_the_grid_square_5x5_bite],
          layout_twisted_cross, serial_shops, shop, kennysheep_mini,
          kennysheep_cross_bottleneck, hell_entry, rand_demon_pan_entry_3,
          minmay_misc_feat_nine_boxes, dispersion_dpeg, uniq_sojobo,
          uniq_asterion
Depths:2: minmay_glassy_protrusions, layout_cave_pools, hell_entry, abyss_entry,
          nicolae_trove_entry_columns, minmay_misc_feat_iff, minmay_crystal_box
Depths:3: cheibrodos_cascadia, layout_small_grid, enter_ziggurat_a, pan_entry,
          marbit_kobold_abyss_entry, hangedman_decor_push, hellmouth_1,
          minmay_pinched_square
Depths:4: hangedman_screamer, layout_cave_pools, abyss_entry_glasseish,
          grunt_hell_entry_dis_grunt, minmay_misc_feat_four_crosses,
          serial_shops, bzr_entry_lakeside, shop_statue,
          chequers_hall_statues_y, chequers_serial_rivers_micro_a, uniq_mara
Depths:5: grunt_crosshair, layout_gridlike, hell_entry,
          chequers_serial_rivers_micro_b, nicolae_rare_books
Zot:1:    layout_onion_interference
Zot:2:    layout_gridlike, st_stairs_1
Zot:3:    layout_gridville, door_vault, grunt_megastairs_1
Zot:4:    layout_twisted_circle
Zot:5:    layout_basic, hangedman_zot_decor_scrapings

Skill      XL: |  1  2  3  4  5  6  7  8  9 10 11 12 13 14 15 16 17 18 19 20 21 22 23 24 25 26 27 |
---------------+----------------------------------------------------------------------------------+-----
Spellcasting   | 5 6 7 8 9 10 11 12 13 14 15 16 17 19 | 19.6
Invocations    | 1 2 3 4 5 6 7 8 9 10 11 12 13 14 15 16 17 18 20 | 20.6
Fighting       | 1 2 3 4 5 6 7 8 9 10 11 12 13 14 15 16 17 19 | 19.2
Short Blades   | 1 2 3 4 5 6 7 8 9 10 11 12 13 14 15 16 17 19 | 19.2
Long Blades    | 1 2 3 4 5 6 7 8 9 10 11 12 13 14 15 16 17 19 | 19.2
Axes           | 1 2 3 4 5 6 7 8 9 10 11 12 13 14 15 16 17 19 | 19.2
Maces & Flails | 1 2 3 4 5 6 7 8 9 10 11 12 13 14 15 16 17 19 | 19.2
Polearms       | 1 2 3 4 5 6 7 8 9 10 11 12 13 14 15 16 17 19 | 19.2
Staves         | 1 2 3 4 5 6 7 8 9 10 11 12 13 14 15 16 17 19 | 19.2
Slings         | 1 2 3 4 5 6 7 8 9 10 11 12 13 14 15 16 17 19 | 19.2
Bows           | 1 2 3 4 5 6 7 8 9 10 11 12 13 14 15 16 17 19 | 19.2
Crossbows      | 1 2 3 4 5 6 7 8 9 10 11 12 13 14 15 16 17 19 | 19.2
Throwing       | 1 2 3 4 5 6 7 8 9 10 11 12 13 14 15 16 17 19 | 19.2
Armour         | 1 2 3 4 5 6 7 8 9 10 11 12 13 14 15 16 17 19 | 19.2
Shields        | 1 2 3 4 5 6 7 8 9 10 11 12 13 14 15 16 17 19 | 19.2
Unarmed Combat | 1 2 3 4 5 6 7 8 9 10 11 12 13 14 15 16 17 19 | 19.2
Evocations     | 1 2 3 4 5 6 7 8 9 10 11 12 13 14 15 16 17 19 | 19.2
Conjurations   | 1 2 3 4 5 6 7 8 9 10 11 12 13 14 16 | 16.6
Hexes          | 1 2 3 4 5 6 7 8 9 10 11 12 13 14 16 | 16.6
Summonings     | 1 2 3 4 5 6 7 8 9 10 11 12 13 14 16 | 16.6
Necromancy     | 1 2 3 4 5 6 7 8 9 10 11 12 13 14 16 | 16.6
Translocations | 1 2 3 4 5 6 7 8 9 10 11 12 13 14 16 | 16.6
Transmutations | 1 2 3 4 5 6 7 8 9 10 11 12 13 14 16 | 16.6
Fire Magic     | 1 2 3 4 5 6 7 8 9 10 11 12 13 14 16 | 16.6
Air Magic      | 1 2 3 4 5 6 7 8 9 10 11 12 13 14 16 | 16.6
Earth Magic    | 1 2 3 4 5 6 7 8 9 10 11 12 13 14 16 | 16.6
Poison Magic   | 1 2 3 4 5 6 7 8 9 10 11 12 13 14 16 | 16.6
Dodging        | 5 6 7 8 9 10 11 12 13 14 15 16 17 19 | 19.5
Stealth        | 5 6 7 8 9 10 11 12 13 14 15 16 17 19 | 19.5
Ice Magic      | 8 9 10 11 12 13 14 15 16 17 | 17.6

Action                   |  1- 3 |  4- 6 |  7- 9 | 10-12 | 13-15 | 16-18 | 19-21 | 22-24 | 25-27 || total
-------------------------+-------+-------+-------+-------+-------+-------+-------+-------+-------++-------
Melee: Unarmed           |     6 |       |       |       |       |       |       |       |       ||     6
       Short sword       |    19 |       |       |       |       |       |       |       |       ||    19
       Bite              |     8 |     3 |     7 |       |    31 |    13 |    11 |    35 |    98 ||   206
       Dagger            |    31 |    40 |    28 |       |       |       |       |       |       ||    99
       Dire flail        |       |       |    15 |       |       |       |     5 |       |       ||    20
       Demon trident     |       |       |       |       |   265 |    80 |     2 |       |       ||   347
       Punch             |       |       |       |       |    11 |     3 |     7 |    25 |    67 ||   113
       Broad axe         |       |       |       |       |       |       |    11 |       |       ||    11
       Double sword      |       |       |       |       |       |       |    49 |   147 |   126 ||   322
       Arbalest          |       |       |       |       |       |       |       |       |     2 ||     2
       Lance             |       |       |       |       |       |       |       |       |   419 ||   419
 Fire: Hunting sling     |       |       |   295 |   617 |   214 |    13 |    22 |       |       ||  1161
       Arbalest          |       |       |       |       |       |       |       |   122 |   331 ||   453
Throw: Stone             |       |       |       |       |       |     1 |       |       |       ||     1
 Cast: Freeze            |     9 |     7 |       |     1 |     1 |       |       |       |       ||    18
       Frozen Ramparts   |     3 |    17 |    45 |    66 |    43 |    19 |    20 |     4 |     2 ||   219
       Hailstorm         |       |     7 |    26 |    42 |    16 |     3 |     1 |     2 |       ||    97
       Summon Ice Beast  |       |       |     8 |    17 |    26 |    19 |    14 |       |     3 ||    87
       Ozocubu's Armour  |       |       |     1 |     1 |       |       |       |       |       ||     2
       Ozocubu's Refrige |       |       |       |       |   281 |   535 |   437 |   488 |   611 ||  2352
       Iskenderun's Myst |       |       |       |       |    26 |     3 |     3 |    29 |     4 ||    65
       Fireball          |       |       |       |       |    17 |     3 |    32 |    28 |    69 ||   149
       Iron Shot         |       |       |       |       |       |       |   125 |    39 |   103 ||   267
       Dispel Undead     |       |       |       |       |       |       |       |       |   175 ||   175
       Spellforged Servi |       |       |       |       |       |       |       |       |     3 ||     3
       Summon Lightning  |       |       |       |       |       |       |       |       |     1 ||     1
       Starburst         |       |       |       |       |       |       |       |       |    41 ||    41
Invok: Channel Magic     |       |       |     1 |     4 |    23 |    18 |    33 |    10 |    35 ||   124
       Forget Spell      |       |       |       |       |       |       |       |       |     5 ||     5
 Abil: Evoke Thunderclou |       |       |       |       |       |       |     1 |       |     1 ||     2
Evoke: Wand              |       |       |       |     4 |     2 |     7 |       |       |       ||    13
  Use: Scroll            |       |     2 |     4 |    10 |    11 |     7 |    15 |     4 |    24 ||    77
       Potion            |       |       |     3 |     3 |     4 |     6 |       |     1 |     8 ||    25
 Stab: Sleeping          |     5 |     3 |     2 |       |     4 |       |     3 |    14 |    11 ||    42
       Distracted        |     1 |       |       |       |     4 |     2 |       |     1 |     4 ||    12
Armor: Robe              |    16 |    10 |    30 |     5 |       |       |    34 |    38 |   211 ||   344
       Leather armour    |       |       |       |    35 |   157 |    34 |    14 |       |       ||   240
Dodge: Dodged            |    50 |    32 |    91 |   258 |   514 |   244 |   202 |   352 |   997 ||  2740
       Repelled          |       |       |       |       |     4 |    21 |     2 |     8 |    34 ||    69
Block: Buckler           |       |     1 |    17 |       |       |       |       |       |       ||    18
       Other             |       |       |       |       |       |       |    23 |    66 |   157 ||   246
       Reflection        |       |       |       |       |       |       |     4 |     9 |     6 ||    19
       Rpst.: Double sword |       |       |       |       |       |       |    12 |    29 |    43 ||    84

Table legend: (Time is in decaauts)
 A = Elapsed time spent in this place.
 B = Non-inter-level travel time spent in this place.
 C = Inter-level travel time spent in this place.
 D = Time resting spent in this place.
 E = Time spent auto-exploring this place.
 F = Levels seen in this place.
 G = Mean time per level.
                   A        B        C        D        E       F      G
               +--------+--------+--------+--------+--------+-----+--------+
         Total | 109200 | 105180 |   4020 |  24077 |  67667 |  58 | 1882.8 |
       Dungeon |  20232 |  18875 |   1357 |    656 |  15151 |  15 | 1348.8 |
        Temple |    197 |    174 |     23 |      0 |    171 |   1 |  197.0 |
          Lair |  10021 |   9351 |    670 |    925 |   7338 |   6 | 1670.2 |
        Shoals |   8407 |   8202 |    205 |   2195 |   5302 |   4 | 2101.8 |
     Snake Pit |  11264 |  10702 |    562 |   2267 |   7466 |   4 | 2816.0 |
  Orcish Mines |   1863 |   1745 |    118 |    117 |   1336 |   2 |  931.5 |
   Elven Halls |   6892 |   6693 |    199 |   2000 |   3772 |   3 | 2297.3 |
        Vaults |  17652 |  17103 |    549 |   3690 |  11340 |   5 | 3530.4 |
         Crypt |   6526 |   6436 |     90 |   1550 |   4077 |   3 | 2175.3 |
        Depths |  10679 |  10520 |    159 |   3787 |   5382 |   5 | 2135.8 |
           Zot |  10624 |  10541 |     83 |   5132 |   4455 |   5 | 2124.8 |
        Bazaar |    618 |    618 |      0 |      0 |    406 |   2 |  309.0 |
        Bailey |   1121 |   1121 |      0 |    491 |    423 |   1 | 1121.0 |
      Ice Cave |   1395 |   1395 |      0 |    611 |    326 |   1 | 1395.0 |
        Wizlab |   1702 |   1702 |      0 |    654 |    718 |   1 | 1702.0 |
               +--------+--------+--------+--------+--------+-----+--------+

Top non-repeatable levels by time:
Vaults:4: 4738 daAuts
Vaults:5: 4217 daAuts
 Snake:4: 3922 daAuts
Vaults:3: 3718 daAuts
Depths:3: 3299 daAuts
 Snake:2: 2881 daAuts
   Zot:5: 2872 daAuts
 Snake:3: 2812 daAuts
Depths:2: 2794 daAuts
   Zot:3: 2692 daAuts
Vaults:1: 2570 daAuts
   Elf:2: 2548 daAuts
Vaults:2: 2407 daAuts
   Zot:2: 2316 daAuts
Shoals:1: 2292 daAuts
